Match 40834821
Unlisted

Match 40834821
End
Kettenkrad Recon Vehicle
Construct Infanterie Kompanie
Selects Terror Battlegroup
Selects Terror Battlegroup
Grenadier Squad
MG 42 Machine Gun Team
GrW 34 Mortar Team
Construct Panzergrenadier Kompanie
Selects Machine Gun Camouflage
Panzergrenadier Squad
251 Medium Carrier
Support Elements
Pioneer Squad
Nebelwerfer 42 Rocket Launcher Team
Selects Contempt for the Weak
Kettenkrad Recon Vehicle
Nebelwerfer 42 Rocket Launcher Team
Panzergrenadier Officer Quarters
StuG III G Assault Gun
251 Medium Carrier
StuG III G Assault Gun
Selects No Quarter
Pioneer Squad
StuG III G Assault Gun
Construct Panzer Kompanie
Stoßtruppen Squad
Bebbo
Apox
Insurmountable Odds
DaRtH VaDeRX2020
fenerx
Neon-Reactionary
Kamfrenchie
L1mbo
0
0

Comments sign in to comment!

No comments posted yet!